 Dungeon Crawl Stone Soup version 0.26.1-11-gd32895ea62 (webtiles) character file.

Game seed: 10971297776728201829

35 opiate666 the Skirmisher (level 3, -1/40 HPs)
             Began as an Ogre Berserker on June 17, 2021.
             Was a Follower of Trog.
             Killed from afar by an orc wizard (5 damage)
             ... with a magic dart
             ... on level 2 of the Dungeon.
             The game lasted 00:03:13 (1568 turns).

opiate666 the Skirmisher (Ogre Berserker)           Turns: 1568, Time: 00:03:13

Health: -1/40      AC:  3    Str: 22    XL:     3   Next: 35%
Magic:  3/3        EV: 10    Int:  8    God:    Trog [*.....]
Gold:   34         SH:  0    Dex:  8    Spells: 2/2 levels left

rFire    . . .     SeeInvis .   a - +0 hand axe
rCold    . . .     Faith    .   (no shield)
rNeg     . . .     Spirit   .   b - +0 animal skin
rPois    .         Reflect  .   (helmet restricted)
rElec    .         Harm     .   (no cloak)
rCorr    .         Rampage  .   (gloves unavailable)
Will     .....                  (boots unavailable)
Stlth    +.........             (no amulet)
HPRegen  0.13/turn              (no ring)
MPRegen  0.08/turn              (no ring)

@: no status effects
A: large, unfitting armour, tough skin 1
a: Renounce Religion, Berserk


You were on level 2 of the Dungeon.
You worshipped Trog.
Trog was aware of your devotion.
You visited 1 branch of the dungeon, and saw 2 of its levels.

You collected 34 gold pieces.

Inventory:

Hand Weapons
 a - a +0 hand axe (weapon)
 l - a cursed -3 short sword
Armour
 b - a +0 animal skin (worn)
 h - a +0 plate armour
Jewellery
 m - a cursed ring of protection from fire {unknown}
 n - a +4 ring of slaying {unknown}
Scrolls
 c - 4 scrolls of identify {unknown}
 d - a scroll of fear {unknown}
 e - a scroll of remove curse {unknown}
 f - 2 scrolls of teleportation {unknown}
 g - a scroll of fog {unknown}
 i - a scroll of magic mapping {unknown}
 j - a scroll of amnesia {unknown}
 k - a scroll of enchant weapon {unknown}


   Skills:
 + Level 4.5 Fighting
 + Level 3.7 Axes
 + Level 3.0 Dodging


You had 2 spell levels left.
You didn't know any spells.
Your spell library was empty.

Dungeon Overview and Level Annotations

Branches:
Dungeon (2/15)

Altars:
Nemelex Xobeh
Wu Jian


Innate Abilities, Weirdness & Mutations

You are too large for most types of armour.
You have tough skin. (AC +1)


Message History

You miss something.
Something hits you but does no damage. x2
You miss something.
You hear some strange, mumbled words.
A magic dart appears from out of thin air!
The magic dart hits you.
* * * LOW HITPOINT WARNING * * *
Something hits you.
* * * LOW HITPOINT WARNING * * *
You miss something. Something hits you.
* * * LOW HITPOINT WARNING * * *
Something hits you but does no damage.
You barely miss something. Something hits you.
* * * LOW HITPOINT WARNING * * *
Unknown command.
You miss something.
Something hits you but does no damage. x2
You barely miss something.
You hear some strange, mumbled words.
A magic dart appears from out of thin air!
The magic dart hits you.
You die...

#..... #..... # #..... .
##### #..... #.
#######...# #.....
####.##.....#.#.###.....
.........).....)..'.....
..........#.#.#.###.....
....###@.##.#.#.# ######
......{.....#.#.# #.....
.....######.#.#.# #.....
.... #.#.#.# #...(. ...
#'#.#.# #..... ≈.
......# ###### ≈ ... ...
#### ####


There were no monsters in sight!

Vanquished Creatures
  A dart slug (D:1)
  A leopard gecko (D:1)
  2 orcs (D:2)
  A bat (D:1)
  4 giant cockroaches (D:1)
  4 goblins (D:1)
  7 hobgoblins
  A frilled lizard (D:1)
  2 kobolds (D:2)
  3 rats (D:1)
26 creatures vanquished.

Vanquished Creatures (others)
  An orc (D:2)
1 creature vanquished.

Grand Total: 27 creatures vanquished

Notes
Turn   | Place    | Note
-------+----------+-------------------------------------------
     0 | D:1      | opiate666 the Ogre Berserker began the quest for the Orb.
     0 | D:1      | Reached XP level 1. HP: 24/24 MP: 1/1
    39 | D:1      | Reached XP level 2. HP: 25/32 MP: 2/2
   803 | D:1      | Reached XP level 3. HP: 30/40 MP: 3/3
  1409 | D:2      | Found a sparkling altar of Nemelex Xobeh.
  1430 | D:2      | Found an ornate altar of the Wu Jian Council.
  1568 | D:2      | Killed from afar by an orc wizard

Illustrated notes

Levels and vault maps discovered:
D:1:      psy_arrival_radial01, layout_loops_ring
D:2:      layout_basic, general_overflow_altar, nemelex_altar_shiori,
          makhleb_grotto_becter, overflow_temple_1_default, lemuel_old_faithful,
          uniq_crazy_yiuf_cottage

Skill      XL: |  1  2 |
---------------+-------+-----
Dodging        | 3 |  3.0
Fighting       | |  4.5
Axes           | |  3.7

Action                   || total
-------------------------++-------
Melee: Hand axe          ||   101
 Stab: Sleeping          ||     1
Armor: Animal skin       ||    24
Dodge: Dodged            ||    35
